[Event "German Bundesliga 2021-22"]
[Site "Germany"]
[Date "2022.03.06"]
[Round "2.15"]
[White "Froewis, Georg"]
[Black "Hess, Max"]
[Result "1/2-1/2"]
[ECO "E04"]
[WhiteElo "2449"]
[BlackElo "2395"]
[Annotator "NA"]
[PlyCount "89"]
[EventDate "2022.03.05"]
[EventType "team-tourn"]
[EventCountry "GER"]
[SourceTitle "playchess.com"]
[Source "ChessBase"]
[SourceQuality "1"]
[TimeControl "40/5400+30:1800+30"]

1. d4 d5 2. c4 e6 3. Nf3 Nf6 4. g3 dxc4 5. Bg2 c5 6. O-O Nc6 7. dxc5 Qxd1 8. Rxd1 Bxc5 9. Nbd2 c3 10. bxc3 O-O 11. Nb3 Be7 12. Nfd4 Nxd4 13. cxd4 Nd5 14. Bd2 f5 15. Na5 b6 16. Nc6 Bf6 17. Bb4 Re8 18. Rac1 Bb7 19. Be1 Rec8 20. Ne5 Be7 21. e4 Nf6 22. d5 exd5 23. exf5 Ba3 24. Rb1 Rc2 25. Nd3 Re8 26. Nf4 Re5 27. Rb3 Rxa2 28. Bc3 Rxf5 29. Bh3 Rxf4 30. Be6+ Kf8 31. gxf4 Bc5 32. Bb2 Ke7 33. Bf5 Ne4 34. Kg2 g6 35. Bxe4 dxe4 36. Kg3 Ke6 37. Bd4 Bd5 38. Rc3 Bd6 39. Rc8 g5 40. Be3 gxf4+ 41. Bxf4 Bxf4+ 42. Kxf4 Rxf2+ 43. Ke3 Rxh2 44. Re8+ Kf7 45. Rc8 1/2-1/2

[Event "German Bundesliga 2021-22"]
[Site "Germany"]
[Date "2022.03.06"]
[Round "2.16"]
[White "Seyb, Alexander"]
[Black "Radovanovic, Nikola"]
[Result "1-0"]
[ECO "B32"]
[WhiteElo "2427"]
[BlackElo "2419"]
[Annotator "NA"]
[PlyCount "77"]
[EventDate "2022.03.05"]
[EventType "team-tourn"]
[EventCountry "GER"]
[SourceTitle "playchess.com"]
[Source "ChessBase"]
[SourceQuality "1"]
[TimeControl "40/5400+30:1800+30"]

1. e4 c5 2. Nf3 Nc6 3. d4 cxd4 4. Nxd4 e5 5. Nb5 d6 6. N1c3 a6 7. Na3 Be6 8. Nc4 Rb8 9. g3 h5 10. h4 g6 11. Nd5 Bxd5 12. exd5 Nce7 13. a4 Bh6 14. Bxh6 Nxh6 15. a5 Nhf5 16. c3 Rc8 17. Nb6 Rc5 18. Qa4+ Kf8 19. Nd7+ Kg7 20. Nxc5 dxc5 21. Bg2 Nd6 22. b4 c4 23. Qc2 Nef5 24. O-O-O b6 25. Qa4 Nb5 26. Kb2 bxa5 27. Qxa5 Qf6 28. Rc1 Nfd4 29. cxd4 c3+ 30. Kb1 exd4 31. Be4 Qxf2 32. Qa2 Qxg3 33. Qxa6 Qe3 34. Rhe1 Qd2 35. Bc2 Nc7 36. Qc4 Rb8 37. Rcd1 Nxd5 38. Rxd2 cxd2 39. Qxd4+ 1-0

[Event "German Bundesliga 2021-22"]
[Site "Germany"]
[Date "2022.03.06"]
[Round "2.16"]
[White "Pitl, Jarno"]
[Black "Wegerle, Joerg"]
[Result "0-1"]
[ECO "A04"]
[WhiteElo "1988"]
[BlackElo "2404"]
[Annotator "NA"]
[PlyCount "22"]
[EventDate "2022.03.05"]
[EventType "team-tourn"]
[EventCountry "GER"]
[SourceTitle "playchess.com"]
[Source "ChessBase"]
[SourceQuality "1"]
[TimeControl "40/5400+30:1800+30"]

1. Nf3 c5 2. g3 Nc6 3. c3 e5 4. e4 d5 5. Qe2 dxe4 6. Qxe4 Nf6 7. Qc2 e4 8. Nh4 Qd5 9. Ng2 Ne5 10. Bb5+ Bd7 11. Bxd7+ Qxd7 0-1

[Event "German Bundesliga 2021-22"]
[Site "Germany"]
[Date "2022.04.09"]
[Round "3.1"]
[White "Vachier-Lagrave, Maxime"]
[Black "Seel, Christian"]
[Result "1-0"]
[ECO "C41"]
[WhiteElo "2761"]
[BlackElo "2486"]
[Annotator "TA"]
[PlyCount "95"]
[EventDate "2022.03.05"]
[EventType "team-tourn"]
[EventCountry "GER"]
[SourceTitle "playchess.com"]
[Source "ChessBase"]
[SourceQuality "1"]
[TimeControl "40/5400+30:1800+30"]

1. e4 e5 2. Nf3 d6 3. d4 exd4 4. Nxd4 Nf6 5. Nc3 Be7 6. Bf4 O-O 7. Qd2 Nc6 8. O-O-O Nxd4 9. Qxd4 a6 {[%emt 0:03:52] C41: Philidor Defence.} 10. e5 dxe5 11. Qxe5 Bd6 {[%emt 0:00:04] White is slightly better.} 12. Qd4 Bxf4+ 13. Qxf4 Qe7 14. Bc4 Be6 15. Rhe1 Rad8 16. Rxd8 Rxd8 17. Bxe6 fxe6 18. Ne4 e5 {[%emt 0:17:34] [#]} 19. Qh4 $146 ({Predecessor:} 19. Nxf6+ gxf6 20. Re3 Qe6 21. Qh4 Kh8 22. b3 Qd6 23. Rd3 Qe7 24. Rxd8+ Qxd8 25. Qb4 {1-0 (54) Yusin,J (2310)-Wenardi,W (2235) ICCF email 2020}) 19... Kh8 20. Nc3 b5 21. a3 c5 22. Rd1 (22. Qf4 $5) 22... Rxd1+ 23. Nxd1 Qe6 24. b3 Kg8 25. Ne3 Kf7 26. Qg3 c4 (26... g6 $11 {keeps the balance.}) 27. bxc4 $16 bxc4 28. Qf3 e4 29. Qf4 Qe7 {[%emt 0:01:15] Against Qc7} 30. Kb2 Qb7+ 31. Kc3 Qb1 {[%emt 0:02:59] [#]} (31... Qe7 $16) 32. Nxc4 (32. g4 $1 $18 ) 32... Qa1+ 33. Kb3 Qb1+ 34. Nb2 Ke6 35. g4 h6 36. h4 {[%emt 0:00:29][%cal Bh2h4,Bh4g5,Bg5g6][%mdl 32] [#] aiming for g5.} ({Much less strong is} 36. Qc7 Qf1 $16) 36... Qe1 (36... Qh1 $16 {might work better.}) 37. Qf5+ $18 Ke7 38. Qe5+ Kf7 (38... Kd8 $142 39. Qb8+ (39. Qd6+ Nd7 $16) 39... Ke7) 39. g5 hxg5 (39... Nd7 {was necessary.} 40. Qd5+ Ke8 41. Qg8+ Nf8 42. Qxg7 Qxf2 43. Qe5+ (43. Qxh6 Qf3+ 44. Ka2 e3 $16) 43... Kf7) 40. hxg5 Nd7 41. g6+ (41. Qd6 Ke8 42. Qd4 g6 $18) 41... Kf8 42. Qd4 ({Weaker is} 42. Qd5 Ke7 43. Qf7+ Kd6 44. Nc4+ Kc6 $18) 42... Ke8 43. Nd1 Nf6 44. Nc3 Ke7 45. Qa7+ Ke6 $2 (45... Nd7 46. Qd4 Nf6) 46. Qxg7 {[%emt 0:00:00] Hoping for Qf7+.} Qxf2 47. Qf7+ Ke5 48. Qe7+ {[%emt 0:00:00] Weighted Error Value: White=0.14 (very precise) /Black=0.47} 1-0

[Event "German Bundesliga 2021-22"]
[Site "Germany"]
[Date "2022.04.09"]
[Round "3.1"]
[White "Harikrishna, Pentala"]
[Black "Maghsoodloo, Parham"]
[Result "0-1"]
[ECO "B53"]
[WhiteElo "2719"]
[BlackElo "2701"]
[Annotator "TA"]
[PlyCount "70"]
[EventDate "2022.03.05"]
[EventType "team-tourn"]
[EventCountry "GER"]
[SourceTitle "playchess.com"]
[Source "ChessBase"]
[SourceQuality "1"]
[TimeControl "40/5400+30:1800+30"]

1. e4 c5 2. Nf3 d6 3. d4 cxd4 4. Qxd4 Nc6 5. Qe3 g6 6. Be2 {[%emt 0:00:00] B53: Sicilian: 2...d6: Lines with Qxd4.} Bg7 7. O-O Nf6 8. h3 {[%emt 0:00:00] The position is equal.} O-O 9. Rd1 Nd7 10. Nc3 {[%emt 0:00:00] [#]} h6 $1 $146 {[%emt 0:04:11][%mdl 8] A top novelty.} ({Predecessor:} 10... a6 11. a4 b6 12. Qf4 Nb4 13. Qh4 Nxc2 14. Rb1 Ne5 15. Nxe5 Bxe5 16. Nd5 Re8 {½-½ (61) Harikrishna,P (2725)-Korobov,A (2685) Struga 2021}) 11. Qf4 g5 12. Qg3 Nc5 13. e5 Bf5 14. Be3 {[%emt 0:03:48] Strongly threatening Bxc5.} Qa5 15. exd6 Bxc3 16. dxe7 (16. Bxc5 $5 Qxc5 17. bxc3 $14) 16... Rfe8 17. Bxc5 Bxb2 {[%emt 0:11:10] [#]} 18. Rab1 Qxc5 19. Rxb2 {[%emt 0:00:08][%cal Of3g5] Hoping for Nxg5!} Qxe7 20. c4 Rad8 21. Rd5 Be4 22. Nxg5 hxg5 23. Rxg5+ Bg6 {[%emt 0:00:02] ...Qf6 is the strong threat.} 24. Bh5 $1 Qf6 (24... Qe1+ $2 25. Kh2 Re6 26. Bxg6 fxg6 27. Rxg6+ Rxg6 28. Qxg6+ Kf8 29. Rb5 $18 (29. Rxb7 Qe5+ 30. g3 Ne7 $16)) 25. Rxb7 Re5 $36 {[%emt 0:01:13][%mdl 2048] Black has good play.} 26. Rxe5 Nxe5 27. Be2 {[%emt 0:02:28] Prevents Rd3.} (27. Rb5 $15 Nxc4 28. Bxg6 fxg6 29. Rb8) 27... Nc6 {[%emt 0:00:58] &Nero is more active.} ({Black should try} 27... Rd2 $17 28. Bh5 Rxa2) 28. Kh2 (28. Bf3 $15) 28... Rd2 $17 29. Bf3 {[%emt 0:00:19] [#]} Ne5 $1 ({Don't play} 29... Rxa2 $6 30. Bxc6 Qxc6 31. Rb8+ Kg7 32. Qe5+ f6 33. Qe7+ Bf7 34. Rb3 $11 (34. Rf8 $2 Qxc4 35. Qd6 Qe2 $19)) 30. Bd5 {[%emt 0:01:36] Black must now prevent f4.} Rxf2 31. Rxa7 Rd2 {[%emt 0:00:54] Dancing on a razor blade.} (31... Rc2 $17 {[%cal Oc2c3] aiming for ...Rc3!} 32. Ra3 Kh8) 32. Ra3 $15 Nd3 33. Ra7 {[%emt 0:00:49] [#]} (33. Be4 $11 {remains equal.} Ne5 34. Bd5) 33... Kh7 ({Better is} 33... Kf8 $1 $17 34. a4 (34. Ra8+ Kg7 $17) 34... Qd4) 34. h4 $2 (34. Bxf7 $11 Bxf7 35. Rd7) 34... Nf4 $2 (34... Nf2 35. h5 Bxh5 36. Bxf7 Bxf7 37. Rxf7+ Qxf7 38. Qh4+ Kg6 39. Qg3+ Kh7 40. Qh4+ Kg6 41. Qg3+ Kh7) 35. Bf3 $2 {[%emt 0:00:11] [#]} (35. Qg5 Qxg5 36. hxg5 Nxd5 37. cxd5) 35... Nxg2 $1 {[%emt 0:00:05][%mdl 512] Weighted Error Value: White=0.52/Black=0.41} 0-1

[Event "German Bundesliga 2021-22"]
[Site "Germany"]
[Date "2022.04.09"]
[Round "3.1"]
[White "Cheparinov, Ivan"]
[Black "Stern, Rene"]
[Result "1-0"]
[ECO "C65"]
[WhiteElo "2672"]
[BlackElo "2510"]
[Annotator "TA"]
[PlyCount "79"]
[EventDate "2022.03.05"]
[EventType "team-tourn"]
[EventCountry "GER"]
[SourceTitle "playchess.com"]
[Source "ChessBase"]
[SourceQuality "1"]
[TimeControl "40/5400+30:1800+30"]

1. e4 e5 2. Nf3 Nc6 3. Bb5 Nf6 4. d3 d6 5. O-O Be7 6. c3 O-O 7. Re1 a6 8. Ba4 Re8 9. h3 {[%emt 0:00:00] C84: Closed Ruy Lopez: Unusual White 6th moves.} Bf8 {[%emt 0:00:00] 9...b5 is more fashionable.} 10. Bg5 $5 {[%emt 0:00:00][%mdl 4] Leaves trodden paths.} h6 11. Bh4 {[%emt 0:00:00] [#] White is slightly better.} Be7 $146 ({Predecessor:} 11... b5 12. Bc2 g5 13. Bg3 g4 14. hxg4 Bxg4 15. Nbd2 Nh5 16. Nf1 Qf6 17. N1h2 Bd7 {½-½ (63) Palac,M (2517)-Kovalenko,I (2647) Zagreb 2021}) 12. Bg3 b5 13. Bc2 Nh7 14. a4 {[%emt 0:03:52] axb5 is the strong threat.} Bd7 15. Nbd2 Ng5 16. Nf1 Nxf3+ 17. Qxf3 Bg5 18. h4 {[%emt 0:13:23] [#] Threatens to win with axb5.} Bf6 19. Ne3 Rc8 20. axb5 axb5 21. Bb3 Be6 22. Bd5 Ne7 23. Bxe6 fxe6 24. Qg4 Nc6 25. Ra6 Qd7 26. Rea1 Rf8 27. Nd5 Nb8 (27... Kh7 $11 {keeps the balance.}) 28. Nxf6+ $16 Rxf6 29. Ra8 {[%emt 0:01:42] &Bianco is more active.} Nc6 30. Rxc8+ Qxc8 31. d4 Qf8 32. Ra6 Qe8 33. Qe2 $36 {[%emt 0:01:53][%mdl 2048] White is really pushing.} Nb8 $2 {[%emt 0:00:18] This move loses the game for Black.} (33... exd4 $2 34. Qxb5 d3 35. Qxd3 $18 (35. Rxc6 d2 $17) (35. Qxc6 $2 Qxc6 36. Rxc6 d2 $19)) (33... Rf8 $16) 34. Ra8 $18 ({Don't play} 34. dxe5 $6 Nxa6 35. exf6 gxf6 $16) 34... exd4 {[%emt 0:00:08] [#]} (34... Rf8 $142 35. dxe5 Qc6) 35. e5 $1 dxe5 36. Bxe5 Rf8 37. Bxc7 Qc6 38. Rxb8 dxc3 39. Rxf8+ Kxf8 40. Bf4 {[%emt 0:00:08] Weighted Error Value: White=0.10 (very precise) /Black=0.32} 1-0

[Event "German Bundesliga 2021-22"]
[Site "Germany"]
[Date "2022.04.09"]
[Round "3.1"]
[White "Fressinet, Laurent"]
[Black "Postny, Evgeny"]
[Result "1/2-1/2"]
[ECO "E11"]
[WhiteElo "2630"]
[BlackElo "2567"]
[Annotator "RC"]
[PlyCount "81"]
[EventDate "2022.03.05"]
[EventType "team-tourn"]
[EventCountry "GER"]
[SourceTitle "playchess.com"]
[Source "ChessBase"]
[SourceQuality "1"]
[TimeControl "40/5400+30:1800+30"]

1. d4 Nf6 2. c4 e6 3. g3 d5 4. Bg2 Bb4+ 5. Bd2 Be7 6. Nf3 c6 7. O-O O-O 8. Qc2 Nbd7 9. Rc1 b6 10. a4 a5 11. cxd5 cxd5 12. Nc3 Ba6 13. Nb5 Bxb5 14. axb5 Rc8 15. Qa4 Ne4 16. Be1 Bd6 17. e3 Re8 18. Rc2 Rxc2 19. Qxc2 Qc8 20. Rc1 Qxc2 21. Rxc2 Kf8 22. Rc6 Ke7 23. Ne5 Nxe5 24. dxe5 Bxe5 25. Bxe4 dxe4 26. Rxb6 a4 27. Ra6 Rb8 28. Bb4+ Ke8 29. b6 Kd7 30. Rxa4 Rxb6 31. Ra7+ Kc6 32. Bc3 Bxc3 33. bxc3 Rb7 34. Ra4 Kd5 35. g4 Rc7 36. Kg2 Ke5 37. Ra5+ Kf6 38. Ra3 g5 39. Kg3 h6 40. h4 Rc4 41. hxg5+ 1/2-1/2

[Event "German Bundesliga 2021-22"]
[Site "Germany"]
[Date "2022.04.09"]
[Round "3.2"]
[White "Indjic, Aleksandar"]
[Black "Van Foreest, Jorden"]
[Result "0-1"]
[ECO "D11"]
[WhiteElo "2604"]
[BlackElo "2702"]
[Annotator "TA"]
[PlyCount "108"]
[EventDate "2022.03.05"]
[EventType "team-tourn"]
[EventCountry "GER"]
[SourceTitle "playchess.com"]
[Source "ChessBase"]
[SourceQuality "1"]
[TimeControl "40/5400+30:1800+30"]

1. d4 d5 2. c4 c6 3. Nf3 Nf6 4. Qb3 e6 5. Bg5 Qb6 6. Nc3 {[%emt 0:00:00] D11: Slav Defence: 3 Nf3 sidelines and 3...Nf6 4 e3 Bg4.} dxc4 7. Qxc4 (7. Qc2 $1 $11) 7... Qxb2 $15 8. Rb1 {[%emt 0:00:00] [#] Black is slightly better.} Qc2 $146 ({Predecessor:} 8... Qa3 9. Rb3 Qa5 10. Bd2 Nbd7 11. e4 Be7 12. Nb5 cxb5 13. Qxc8+ Rxc8 14. Bxa5 Nxe4 15. Bxb5 Rc1+ {0-1 (15) Ramos Verdu,J (1652)-Uran Bermudez,O (2101) Alzira 2013}) 9. Rc1 Qf5 10. Qb3 Nbd7 11. g3 Bd6 (11... e5 $5 12. h4 exd4 13. Nxd4 Qa5 $15) 12. h4 O-O 13. Bg2 h6 14. Bxf6 Nxf6 15. O-O e5 16. d5 cxd5 (16... e4 $17 17. Nd4 Qe5 18. dxc6 Qxd4) 17. Nxd5 $11 Nxd5 18. Qxd5 Rd8 19. Nd2 Qe6 20. Qa5 Qe7 {[%emt 0:03:44] [#] ...Bb4 is the strong threat.} 21. Nc4 $1 Bc7 22. Qc3 e4 23. Ne3 Bb6 $36 {[%emt 0:00:29][%mdl 2048] Black has strong initiative.} 24. Qc4 ({White should try} 24. Rcd1) 24... Rd4 $17 25. Qxc8+ {[%emt 0:06:06] White does not recover from this.} (25. Qb5 $17) 25... Rxc8 $19 26. Rxc8+ Rd8 27. Nd5 Qe6 28. Nxb6 Rxc8 ({Worse is} 28... Qxb6 29. Rxd8+ Qxd8 30. Bxe4 $17) 29. Nxc8 Qxc8 30. Bxe4 {[%emt 0:00:04][%mdl 4096] Endgame KQ-KRB} b5 31. Rd1 Kf8 32. Bd3 Qc5 33. Rb1 $2 (33. e3) 33... b4 {[%emt 0:01:40] Black is clearly winning.} 34. Kg2 a5 35. Rb2 a4 36. Rc2 Qd5+ 37. f3 b3 38. axb3 Qxb3 {[%emt 0:00:09] Threatens to win with ...a3.} 39. Rc7 a3 {[%emt 0:05:57] aiming for ...a2.} 40. Bc4 Qc2 {[%emt 0:00:59] Hoping for ...a2.} 41. Rxf7+ (41. Kg1 $142 Qb1+ 42. Kg2) 41... Ke8 42. Rf4 a2 {[%emt 0:00:05][%mdl 64] [#] Strongly threatening ...Ke7. Deflection} 43. Bxa2 Qxe2+ 44. Kh3 Qxa2 {[%emt 0:00:05] KQ-KR} 45. h5 Qf2 46. Rf5 Qf1+ 47. Kh4 Qe2 48. Kh3 Ke7 49. g4 Qf2 50. Rf4 Kd6 51. Rf5 Ke6 52. f4 Kd6 53. g5 Qe3+ 54. Kh4 Qe1+ {[%emt 0:00:22] Weighted Error Value: White=0.47/Black=0.04 (flawless)} 0-1

[Event "German Bundesliga 2021-22"]
[Site "Germany"]
[Date "2022.04.09"]
[Round "3.2"]
[White "Prusikin, Michael"]
[Black "Areshchenko, Alexander"]
[Result "1/2-1/2"]
[ECO "D85"]
[WhiteElo "2540"]
[BlackElo "2670"]
[Annotator "RC"]
[PlyCount "42"]
[EventDate "2022.03.05"]
[EventType "team-tourn"]
[EventCountry "GER"]
[SourceTitle "playchess.com"]
[Source "ChessBase"]
[SourceQuality "1"]
[TimeControl "40/5400+30:1800+30"]

1. d4 Nf6 2. c4 g6 3. Nc3 d5 4. cxd5 Nxd5 5. e4 Nxc3 6. bxc3 Bg7 7. Nf3 c5 8. Bb5+ Nc6 9. O-O Qa5 10. Bxc6+ bxc6 11. Qc2 O-O 12. Be3 Be6 13. Rfc1 cxd4 14. cxd4 Rfc8 15. Qc5 Qxc5 16. Rxc5 f5 17. Ne5 fxe4 18. Nxc6 Kf8 19. a3 Ke8 20. Rb1 Bd7 21. Rbc1 Bxc6 1/2-1/2

[Event "German Bundesliga 2021-22"]
[Site "Germany"]
[Date "2022.04.09"]
[Round "3.2"]
[White "Nagy, Gabor"]
[Black "Adams, Michael"]
[Result "1/2-1/2"]
[ECO "A28"]
[WhiteElo "2530"]
[BlackElo "2698"]
[Annotator "TA"]
[PlyCount "56"]
[EventDate "2022.03.05"]
[EventType "team-tourn"]
[EventCountry "GER"]
[SourceTitle "playchess.com"]
[Source "ChessBase"]
[SourceQuality "1"]
[TimeControl "40/5400+30:1800+30"]

1. c4 e5 2. Nc3 Nf6 3. Nf3 Nc6 4. e3 Bb4 5. Qc2 Bxc3 6. Qxc3 Qe7 7. Be2 O-O {[%emt 0:00:00] The position is equal.} 8. d4 {[%emt 0:00:00] The main line 8.d4 scores better than 8.0-0. A28: English Opening: Four Knights Variation.} exd4 9. Nxd4 Ne4 10. Qb3 Nxd4 11. exd4 d5 12. cxd5 Nf6 $1 13. Bf4 Rd8 14. d6 cxd6 15. Qe3 Be6 {[%emt 0:04:49] [#] Threatens to win with ...Nd5.} 16. O-O $146 ({Predecessor:} 16. Bg3 Re8 17. O-O Qd7 18. Qa3 Bxa2 19. Rfe1 Bd5 20. Qxd6 Qxd6 21. Bxd6 Rac8 22. Be5 a6 {½-½ (22) Hassim,U (2338)-Byrne,M (2320) ICCF email 2018}) 16... Nd5 17. Qd2 Nxf4 18. Qxf4 h6 19. Bd3 Qg5 20. Qxg5 hxg5 21. f3 Rac8 22. Rfc1 f5 23. Kf2 Kf7 24. h3 Kf6 25. a3 Bd5 26. Ke3 g6 27. Kd2 b6 28. Ba6 Rxc1 {[%emt 0:00:21] An even fight not without its subleties.  Weighted Error Value: White=0.01 (flawless) /Black=0.00 (flawless)} 1/2-1/2

[Event "German Bundesliga 2021-22"]
[Site "Germany"]
[Date "2022.04.09"]
[Round "3.2"]
[White "Richter, Michael"]
[Black "Lupulescu, Constantin"]
[Result "0-1"]
[ECO "D04"]
[WhiteElo "2496"]
[BlackElo "2620"]
[Annotator "TA"]
[PlyCount "116"]
[EventDate "2022.03.05"]
[EventType "team-tourn"]
[EventCountry "GER"]
[SourceTitle "playchess.com"]
[Source "ChessBase"]
[SourceQuality "1"]
[TimeControl "40/5400+30:1800+30"]

1. d4 Nf6 2. Nf3 d5 3. e3 c5 4. c3 e6 5. Nbd2 Nbd7 6. Bd3 b6 7. O-O {[%emt 0:00:00] D05: Colle System with ...e6.} Bb7 8. Qe2 Ne4 9. Ne5 {[%emt 0:00:24] aiming for Nxe4. The position is equal.} Bd6 10. f4 O-O {[%emt 0:02:55] [#]} 11. Bxe4 $146 ({Predecessor:} 11. Rf3 f6 12. Nxd7 Qxd7 13. Rh3 e5 14. Nxe4 dxe4 15. Bc4+ Rf7 16. Qh5 h6 17. fxe5 fxe5 {½-½ (34) Ljepic,A (2136)-Shoshin,K (2001) Belgrade 2021}) 11... dxe4 12. Ndc4 Ba6 13. b3 f6 14. Nxd7 Qxd7 15. a4 Qc6 16. Ba3 Rfd8 17. Rfd1 Bf8 18. dxc5 ({White should play} 18. Qc2 $15) 18... bxc5 $17 19. Rxd8 Rxd8 20. Rd1 {[%emt 0:00:41] [#] Against Rd3} Bxc4 $1 21. bxc4 Rd3 22. Rxd3 exd3 23. Qxd3 Qxa4 24. Bc1 Qa1 25. Qc2 a5 26. Kf2 a4 {[%emt 0:00:49] Strongly threatening ...a3.} (26... Be7 {is interesting.} 27. Bd2 f5 28. e4 Qh1) 27. Qb2 {[%emt 0:02:07] Against a3} Qxb2+ 28. Bxb2 {[%emt 0:00:02][%mdl 4096] Endgame KB-KB} Kf7 29. e4 Kg6 30. Kf3 f5 31. g4 $2 (31. h3 $17) 31... fxg4+ $19 32. Kxg4 Be7 {[%emt 0:03:05] And now ...h5+ would win.} 33. Ba3 Kf7 $2 (33... h5+ $19 34. Kg3 Kf6) 34. Kf3 $2 (34. h4 $17) 34... Bf6 $2 (34... g5 35. Kg4 gxf4 36. Kxf4 Bd6+ 37. e5 Be7) 35. Bb2 $2 (35. e5 Be7 36. Ke4) 35... Ke8 $2 (35... g5 $19 {and Black stays clearly on top.} 36. fxg5 Bxg5) 36. Ke2 $2 (36. Kg4 $17 {is more resistant.}) 36... Kf7 (36... g5 $142 37. fxg5 Bxg5) 37. Kf3 $1 g5 38. fxg5 Bxg5 39. Kg4 Kg6 40. Kf3 $2 (40. Kg3) 40... Kh5 {[%emt 0:00:32] Black is clearly winning.} 41. Ba3 Be7 42. h3 Bd6 43. Kg2 Kh4 44. Bc1 (44. e5 $142 Be7 45. Kh2) 44... Be5 45. Ba3 Bxc3 46. Bxc5 {[%emt 0:00:06] [#]} Kg5 $1 47. Bd6 Kf6 48. Ba3 {[%emt 0:05:21] [#]} Ke5 $1 49. Kf3 Kd4 50. c5 Ba5 {[%emt 0:00:50] Hoping for ...Bc7.} 51. h4 Kc4 52. Kf4 Bc7+ ({Stronger than} 52... Kb3 53. Bc1 $11) 53. Kg5 Bd8+ (53... Kb3 $142 54. Bc1 Kc2) 54. Kf4 Kd4 (54... Kb3 $142 55. Bc1 Kc2) 55. c6 (55. h5 $142 Bc7+ 56. Kf3) 55... Bc7+ 56. Kf3 h5 57. Be7 Kc4 58. Ke3 Kb5 {[%emt 0:01:40] Weighted Error Value: White=1.13/Black=0.74} (58... e5 $142 59. Kd2 Kb3) 0-1

[Event "German Bundesliga 2021-22"]
[Site "Germany"]
[Date "2022.04.09"]
[Round "3.3"]
[White "Kasimdzhanov, Rustam"]
[Black "Vandenbussche, Thibaut"]
[Result "1/2-1/2"]
[ECO "C10"]
[WhiteElo "2659"]
[BlackElo "2401"]
[Annotator "TA"]
[PlyCount "81"]
[EventDate "2022.03.05"]
[EventType "team-tourn"]
[EventCountry "GER"]
[SourceTitle "playchess.com"]
[Source "ChessBase"]
[SourceQuality "1"]
[TimeControl "40/5400+30:1800+30"]

1. e4 e6 2. d4 d5 3. Nc3 dxe4 4. Nxe4 Bd7 5. Nf3 Bc6 6. Bd3 Nd7 7. O-O Ngf6 8. Ned2 Be7 9. Nc4 Bb5 {[%emt 0:00:00] C10: French with 3 Nc3: Unusual Black 3rd moves and 3...dxe4.} 10. Nd6+ Bxd6 11. Bxb5 c6 12. Bd3 Qc7 {[%emt 0:00:00] [#]} 13. g3 $146 ({Predecessor:} 13. c4 Bf4 14. Qe2 O-O 15. g3 Bxc1 16. Raxc1 c5 17. Rfd1 {0-1 (27) Babareza,A-Boricsev,O (2329) Teheran 2006}) 13... O-O 14. c3 Rfe8 15. a4 a5 16. Qc2 g6 17. Bg5 Nd5 18. Rfe1 Be7 19. Bd2 Bf6 20. h4 e5 21. h5 Kg7 22. Bc4 Re7 23. Re4 Rae8 24. Rae1 Qd6 25. Bb3 exd4 26. cxd4 Nb4 27. Qc4 gxh5 28. Rxe7 (28. Ng5 $16 Qd5 {[#]} 29. Qc3 $1) 28... Rxe7 $11 {[%emt 0:00:07] The position is equal.} 29. Rxe7 {[%emt 0:01:39] Really sharp!} Qxe7 30. Bxb4 axb4 31. a5 Nf8 32. d5 cxd5 33. Qxd5 Qe6 34. Qd3 Qg4 35. Qd5 Qe6 36. Kg2 Qxd5 37. Bxd5 Bd8 38. Ne5 Bxa5 39. Nxf7 Bc7 40. Ng5 b6 41. Ne6+ {[%emt 0:00:00] Weighted Error Value: White=0.06 (flawless) /Black=0.03 (flawless)} 1/2-1/2

[Event "German Bundesliga 2021-22"]
[Site "Germany"]
[Date "2022.04.09"]
[Round "3.3"]
[White "L'Ami, Erwin"]
[Black "Martinovic, Sasa"]
[Result "1/2-1/2"]
[ECO "D36"]
[WhiteElo "2622"]
[BlackElo "2554"]
[Annotator "TA"]
[PlyCount "49"]
[EventDate "2022.03.05"]
[EventType "team-tourn"]
[EventCountry "GER"]
[SourceTitle "playchess.com"]
[Source "ChessBase"]
[SourceQuality "1"]
[TimeControl "40/5400+30:1800+30"]

1. d4 Nf6 2. c4 e6 3. Nc3 d5 4. cxd5 exd5 5. Bg5 c6 6. e3 Be7 7. Bd3 Nbd7 8. h3 O-O 9. Qc2 Re8 10. Nf3 Ne4 11. Bf4 Ndf6 12. O-O ({Not} 12. Nxe4 $2 dxe4 13. Bxe4 Bb4+ 14. Kf1 Nxe4 $19) 12... Bd6 {[%emt 0:07:30] D36: Queen's Gambit Declined: Exchange Variation: Main line (5 Bg5 c6 6 Qc2).} 13. Ne5 Nxc3 14. bxc3 c5 15. a4 c4 16. Be2 {[%emt 0:00:16] [#]} Qc7 $146 ({Predecessor:} 16... Qe7 17. Rab1 Ne4 18. f3 f6 19. fxe4 fxe5 20. dxe5 Bxe5 21. exd5 Bxf4 22. Rxf4 Qxe3+ {1-0 (44) Stojanovski,S (2232)-Ambartsumova,K (2382) Chess.com INT 2021}) 17. Rae1 (17. Bf3 $142) 17... Nd7 {[%emt 0:15:24][%cal Rd7e5] [#]} 18. Nxf7 $1 {[%emt 0:13:04] The position is equal.} Kxf7 ({Don't play} 18... Bxf4 19. exf4 Qxf4 20. Bh5 $16) 19. Qxh7 {[%emt 0:00:33] And now Bh5+ would win.} Nf6 20. Bh5+ Nxh5 21. Qxh5+ Kf8 {[%emt 0:01:06] White must now prevent ...Be6.} 22. Qh8+ Kf7 23. Qh5+ Kf8 24. Qh8+ Kf7 25. Qh5+ {[%emt 0:00:11] An interesting draw.  Weighted Error Value: White=0.05 (flawless) /Black=0.05 (flawless)} 1/2-1/2